 Dungeon Crawl Stone Soup version 0.20.1-1-g8b1a95d (webtiles) character file.

259828 vomix the Executioner (level 19, -2/193 HPs)
             Began as a Minotaur Berserker on Aug 9, 2017.
             Was an Elder of Trog.
             Slain by a reaper
             ... wielding a +0 scythe of freezing
             ... summoned by an ancient lich
              (4 damage)
             ... on level 2 of the Abyss on Aug 10, 2017.
             The game lasted 02:29:25 (35303 turns).

vomix the Executioner (Minotaur Berserker)         Turns: 35303, Time: 02:29:27

Health: -2/193     AC: 25    Str: 15 (17) XL:     19   Next: 16%
Magic:  20/20      EV: 22    Int:  0      God:    Trog [****..]
Gold:   2043       SH: 14    Dex: 30      Spells: 18/18 levels left

rFire    + . .     SeeInvis .   a - +2 war axe (vamp)
rCold    . . .     Gourm    .   G - +5 shield "Qauj" {rElec Dex+7}
rNeg     . . .     Faith    .   x - +8 chain mail of Yffoh {rElec Regen+ Str-5}
rPois    .         Spirit   .   O - +2 hat
rElec    +         Reflect  .   (no cloak)
rCorr    .         Harm     +   f - +0 pair of gloves
MR       +++..     Rnd*Tele +   S - +0 pair of boots {run}
Stlth    ..........             w - amulet of harm
Regen    1.9/turn               P - ring of protection from fire
MPRegen  0.2/turn               L - +5 ring of evasion

@: agile, about to teleport, regenerating, slowed, lost intelligence, very slow
A: retaliatory headbutt, horns 2, [blurry vision 2], [deterioration 2], [dopey
2], [low mp 2], [screaming 3], [teleportitis 2], [no potion heal 3], [MP-powered
wands]
}: 2/15 runes: barnacled, gossamer
a: Berserk, Trog's Hand, Brothers in Arms, Burn Spellbooks, Renounce Religion


You were on level 2 of the Abyss.
You worshipped Trog.
Trog was greatly pleased with you.
You were very full.

You visited 8 branches of the dungeon, and saw 35 of its levels.
You visited the Abyss 2 times.
You also visited: Labyrinth and Ice Cave.

You collected 3450 gold pieces.
You spent 1407 gold pieces at shops.

Inventory:

Hand Weapons
 a - a +2 vampiric war axe (weapon)
 b - a +1 antimagic executioner's axe
 D - a +9 battleaxe of venom
Armour
 f - a +0 pair of gloves (worn)
 i - the +2 ring mail "Gan Ynlo" {MR+ Str+2 SInv}
   (You found it in a labyrinth)

   It affects your strength (+2).
   It affects your resistance to hostile enchantments.
   It lets you see invisible.
 x - the +8 chain mail of Yffoh (worn) {rElec Regen+ Str-5}
   (You found it on level 6 of the Dungeon)

   It affects your strength (-5).
   It insulates you from electricity.
   It increases your rate of regeneration.
 G - the +5 shield "Qauj" (worn) {rElec Dex+7}
   (You bought it in a shop on level 2 of the Elven Halls)

   It affects your dexterity (+7).
   It insulates you from electricity.
 M - a +2 buckler
 O - a +2 hat (worn)
 S - a +0 pair of boots of running (worn)
Jewellery
 s - a cursed -2 ring of intelligence
 t - the ring "Otaureur" {Ice rElec rPois Dex+4 Stlth+}
   (You found it on level 6 of the Lair of Beasts)

   [ring of ice]

   It enhances your ice magic.
   It affects your dexterity (+4).
   It makes you vulnerable to fire.
   It protects you from cold.
   It insulates you from electricity.
   It protects you from poison.
   It makes you more stealthy.
 w - an amulet of harm (around neck)
 L - a +5 ring of evasion (right hand)
 P - a ring of protection from fire (left hand)
 Q - a +5 amulet of reflection
Wands
 l - a wand of paralysis (0/24)
 y - a wand of acid (4/15)
 K - a wand of disintegration (14/24)
 N - a wand of iceblast (9/15)
 R - a wand of scattershot (5/9)
 U - a wand of clouds (8/9)
Scrolls
 e - 4 scrolls of fear
 m - 5 scrolls of teleportation
 o - 3 scrolls of enchant armour
 r - 10 scrolls of remove curse
 v - 8 scrolls of fog
 z - 3 scrolls of magic mapping
 C - 5 scrolls of enchant weapon
 E - 2 scrolls of blinking
 J - 3 scrolls of vulnerability
 V - a scroll of identify
 X - a scroll of immolation
Potions
 g - 7 potions of lignification
 h - 10 potions of curing
 j - 5 potions of flight
 n - 6 potions of agility
 q - 5 potions of mutation
 u - 5 potions of heal wounds
 A - a potion of resistance
 F - 6 potions of cancellation
 H - 3 potions of ambrosia
 I - 5 potions of haste
 T - a potion of invisibility
 Y - a potion of might
Miscellaneous
 B - a phial of floods
 W - 2 sacks of spiders
 Z - a lightning rod (4/4)
Comestibles
 c - 16 bread rations
 d - 12 meat rations
 k - 17 royal jellies
 p - 27 fruits


   Skills:
 - Level 22.8 Fighting
 + Level 24.5 Axes
 - Level 12.0 Armour
 - Level 11.0 Dodging
 - Level 10.0 Evocations


You had 18 spell levels left.
You didn't know any spells.

Dungeon Overview and Level Annotations

Branches:
Dungeon (15/15)            Temple (1/1) D:7            Lair (6/6) D:10
 Shoals (4/4) Lair:3       Spider (4/4) Lair:3        Slime (0/5) Lair:5
    Orc (2/2) D:9             Elf (2/3) Orc:2        Vaults (1/5) D:14
 Depths (0/5) D:15

Altars:
Ashenzari
Cheibriados
Dithmenos
Elyvilon
Fedhas
Gozag
Hepliaklqana
Kikubaaqudgha
Makhleb
Nemelex Xobeh
Okawaru
Qazlal
Ru
Sif Muna
Trog
Uskayaw
Vehumet
Xom
Yredelemnul
Zin
The Shining One
Beogh

Shops:
D:12 :   Orc:2 =([*   Elf:1 !   Elf:2 [

Portals:
Trove: D:14 (give 4 potions of resistance)


Innate Abilities, Weirdness & Mutations

You reflexively headbutt those who attack you in melee.
You have a pair of horns on your head.
[Scrolls take you longer to read.]
[Your body often deteriorates upon taking damage.]
[You are very dopey. (Int -4)]
[Your magical capacity is very low. (-20% MP)]
[You frequently scream uncontrollably at your foes.]
[You are sometimes teleported next to monsters.]
[Potions cannot restore your health.]
[You expend magic power (3 MP) to strengthen your wands.]


Message History

* * * LOW HITPOINT WARNING * * *
Something touches you.
* * * LOW HITPOINT WARNING * * *
You are more confused.
Your system rejects the healing.
You feel more invigorated.
Your ogre barely misses the wretched star.
The shadow demon hits you but does no damage.
Something touches you but does no damage.
The reaper barely misses you.
Your ogre hits the wretched star with a giant spiked club.
Something touches you but does no damage.
The shadow demon hits you!
* * * LOW HITPOINT WARNING * * *
Your system rejects the healing.
You feel better.
You feel less invigorated.
Your ogre hits the wretched star with a giant spiked club.
The shadow demon hits you but does no damage.
The reaper hits you with a scythe of freezing!
* * * LOW HITPOINT WARNING * * *
The reaper freezes you.
You die...

. .#
#....#
..##
.####. #
.#..#.#§.
#.
.##..#.#
#. #. .
..... ..#
#.§....##
# .# .
##O.##..#
#*2#..#.#
#@#...# #
#{2#. ##
#.......#
.....#. #
#...##.#
..#.# .#
### ## .
.


You could see a reaper, a wretched star, a shadow demon and a friendly ogre
(berserk).

Vanquished Creatures
  Rupert (Orc:2)
  A kraken (Shoals:4)
  Gastronok (Lair:2)
  Frances (Shoals:1)
  Ilsuiw (Shoals:4)
  3 deep elf sorcerers
  5 ghost moths (Spider:4)
  8 emperor scorpions
  An orc warlord (Orc:2)
  An ironheart preserver (Vaults:1)
  4 entropy weavers (Spider:2)
  Nessos (D:12)
  Azrael (D:14)
  A deep elf annihilator (Elf:2)
  A spark wasp (Spider:3)
  2 merfolk javelineers (Shoals:4)
  A deep elf death mage (Vaults:1)
  14 merfolk impalers
  Snorg (D:12)
  An ettin (Orc:1)
  Josephine (Lair:5)
  A minotaur (Lab)
  4 hydras
  A fire dragon (D:13)
  A yaktaur captain (D:15)
  4 centaur warriors
  The ghost of vomix the Severer, a journeyman MiBe of Trog (IceCv)
  5 merfolk avatars
  A catoblepas (Shoals:3)
  A merfolk aquamancer (Shoals:4)
  An ogre mage (D:15)
  2 satyrs
  11 two-headed ogres
  6 death yaks
  A deep troll shaman (Vaults:1)
  The ghost of vomix the Severer, a novice MiBe of Trog (D:8)
  12 dancing weapons (Elf:2)
  A thrashing horror (Abyss:2)
  2 orc high priests
  10 deep elf knights
  Nergalle (Orc:2)
  Sonja (Orc:2)
  11 spriggans (Lair:6)
  13 sea snakes
  2 deep trolls (Vaults:1)
  2 wizards (Elf:1)
  A sixfirhy (Abyss:2)
  3 unseen horrors
  A lindwurm (shapeshifter) (D:14)
  A lindwurm (Lair:6)
  4 deep elf archers
  3 orc knights
  A necromancer (IceCv)
  3 harpies (Shoals:1)
  12 orb spiders
  7 ugly things
  35 deep elf magi
  19 wolf spiders
  7 cyclopes
  An orc sorcerer (Orc:2)
  15 fauns
  14 manticores
  5 ice statues (IceCv)
  11 merfolk sirens
  5 elephants (Lair:6)
  A guardian serpent (shapeshifter) (D:8)
  The ghost of Terandir the Thaumaturge, a novice DECj of Okawaru (D:4)
  A smoke demon (Abyss:2)
  7 water nymphs
  A torpor snail (Spider:3)
  20 spiny frogs
  3 centaur skeletons
  A tormentor (Abyss:2)
  16 demonic crawlers
  3 rime drakes
  6 komodo dragons
  6 kobold demonologists
  11 ice devils
  40 jumping spiders
  2 ancient zymes (Abyss:2)
  7 wind drakes
  26 merfolk
  A queen bee (Lair:1)
  7 trolls
  5 slime creatures
  A polar bear (shapeshifter) (D:14)
  3 polar bears (Lair:6)
  8 blink frogs
  5 hornets
  12 dream sheep
  7 snapping turtles
  12 hippogriffs
  A small abomination (Abyss:2)
  73 redbacks
  12 water elementals
  2 air elementals
  4 hogs (D:9)
  2 wyverns
  3 wraiths (Lair:5)
  23 tarantellas
  3 shadows
  5 basilisks
  3 fire elementals
  34 yaks
  4 fire bats (Lair:3)
  17 humans
  3 hungry ghosts
  5 steam dragons
  7 vampire mosquitoes
  9 swamp worms (D:12)
  3 large abominations
  An acid dragon (D:12)
  11 water moccasins
  9 porcupines
  6 hell hounds (D:14)
  5 black bears
  29 orc warriors
  2 sky beasts
  An ice beast (shapeshifter) (Elf:1)
  8 ice beasts
  4 boggarts
  3 phantoms
  12 ogres
  2 eyes of draining
  32 wolves
  15 centaurs
  8 big kobolds
  14 crocodiles
  19 bullfrogs
  A wyvern zombie (D:15)
  4 earth elementals (Elf:1)
  A wyvern skeleton (D:13)
  5 scorpions
  31 killer bees
  19 wights
  6 electric eels
  3 howler monkeys
  8 crimson imps
  A lava snake (Lair:3)
  3 hounds
  A quasit (Abyss:2)
  A bullfrog skeleton (D:8)
  2 centaur zombies
  2 draconian simulacra (IceCv)
  A jelly (D:12)
  14 orc wizards
  A gnoll shaman (D:7)
  14 orc priests
  7 iguanas
  12 worker ants
  4 spriggan simulacra (IceCv)
  2 troll simulacra (IceCv)
  A worker ant zombie (D:8)
  12 gnolls
  2 ogre simulacra (IceCv)
  9 adders
  A howler monkey skeleton (D:8)
  15 shadow imps
  A white imp (Abyss:2)
  2 oozes
  4 adder skeletons
  10 worms (D:12)
  3 dart slugs
  3 leopard geckos (D:8)
  71 orcs
  A ball python (D:1)
  5 giant cockroaches
  9 goblins
  9 hobgoblins
  7 jackals
  9 kobolds
  7 quokkas
  4 bats
  2 frilled lizards
  A jackal skeleton (D:5)
  A quokka skeleton (D:4)
  A quokka zombie (D:8)
  9 rats
  A fungus (Lair:2)
  3 plants
  4 tentacles (Shoals:4)
1252 creatures vanquished.

Vanquished Creatures (collateral kills)
  Polyphemus (Shoals:3)
  The ghost of equalderp2856 the Severer, an adept MiFi (Shoals:1)
  A ghost moth (Spider:3)
  An ironheart preserver (Vaults:1)
  A merfolk impaler (Shoals:4)
  2 merfolk avatars
  A merfolk aquamancer (Shoals:4)
  A dancing weapon (Elf:2)
  An alligator snapping turtle (Shoals:3)
  2 death yaks (Shoals:3)
  An orc knight (Orc:2)
  3 fauns
  2 wolf spiders (Spider:3)
  2 oklob plants (Lair:6)
  An orc sorcerer (Orc:2)
  A merfolk siren (Shoals:2)
  A torpor snail (Lair:1)
  2 rime drakes (Shoals:3)
  A komodo dragon (Lair:6)
  A jumping spider (Spider:3)
  2 merfolk
  2 hornets (Lair:6)
  2 dream sheep (Lair:6)
  A snapping turtle (Shoals:3)
  2 yaks (Lair:1)
  An orc warrior (Orc:2)
  A black bear (Lair:6)
  A boggart (Lair:6)
  3 centaurs (Lair:3)
  2 wolves (Lair:6)
  A big kobold (Abyss:3)
  2 orc priests (Orc:2)
  2 orcs
49 creatures vanquished.

Vanquished Creatures (others)
  A merfolk javelineer (Shoals:4)
  A deep elf knight (Vaults:1)
  An orc wizard (Orc:2)
  10 fungi
  22 plants
  8 tentacles (Shoals:4)
43 creatures vanquished.

Grand Total: 1344 creatures vanquished

Notes
Turn   | Place    | Note
-------+----------+-------------------------------------------
     0 | D:1      | vomix the Minotaur Berserker began the quest for the Orb.
     0 | D:1      | Reached XP level 1. HP: 19/19 MP: 0/0
   213 | D:1      | Reached XP level 2. HP: 20/27 MP: 1/1
   244 | D:1      | Reached skill level 4 in Axes
   448 | D:2      | Reached XP level 3. HP: 21/33 MP: 2/2
   600 | D:2      | Reached ** piety under Trog
   748 | D:2      | Reached skill level 5 in Axes
   748 | D:2      | Reached XP level 4. HP: 41/41 MP: 3/3
   873 | D:2      | Reached skill level 5 in Fighting
  1264 | D:3      | Reached XP level 5. HP: 48/48 MP: 4/4
  1646 | D:4      | Noticed an ogre
  1655 | D:4      | Killed an ogre
  1655 | D:4      | Reached skill level 6 in Axes
  1677 | D:4      | Reached XP level 6. HP: 45/58 MP: 5/5
  1895 | D:4      | Reached skill level 7 in Axes
  2116 | D:4      | Reached XP level 7. HP: 49/66 MP: 6/6
  2180 | D:4      | Reached *** piety under Trog
  2214 | D:4      | Reached skill level 8 in Axes
  2400 | D:4      | Noticed Terandir's ghost (novice DECj)
  2408 | D:4      | Killed Terandir's ghost
  2408 | D:4      | Reached XP level 8. HP: 77/77 MP: 7/7
  2838 | D:5      | Entered Level 5 of the Dungeon
  2882 | D:5      | Reached skill level 9 in Axes
  3856 | D:6      | Found a bloodstained altar of Trog.
  3932 | D:6      | Reached skill level 10 in Fighting
  3932 | D:6      | Reached skill level 10 in Axes
  4012 | D:6      | Got an uncursed dazzling long sword {venom}
  4177 | D:6      | Reached XP level 9. HP: 86/86 MP: 8/8
  4201 | D:6      | Got an ancient chain mail
  4212 | D:6      | Identified the +8 chain mail of Yffoh {rElec Regen+ Str-5} (You found it on level 6 of the Dungeon)
  4212 | D:6      | Identified the +6 long sword of the Evening {venom, rN++ Int+2} (You took it off a centaur on level 6 of the Dungeon)
  4265 | D:6      | You fall through a shaft for 3 floors!
  4265 | D:9      | Found a staircase to the Orcish Mines.
  4287 | D:8      | Noticed vomix's ghost (novice MiBe)
  4300 | D:8      | Killed vomix's ghost
  4300 | D:8      | Reached skill level 11 in Axes
  4404 | D:7      | Found an opulent altar of Gozag.
  4545 | D:7      | Found a staircase to the Ecumenical Temple.
  4547 | D:7      | Reached skill level 12 in Axes
  4561 | D:7      | Reached **** piety under Trog
  4991 | Temple   | Entered the Ecumenical Temple
  5448 | D:8      | Reached XP level 10. HP: 99/99 MP: 9/9
  5759 | D:8      | Got a transparent robe
  5769 | D:8      | Noticed a guardian serpent
  5769 | D:8      | a tarantella changed into a guardian serpent
  5777 | D:8      | Killed a guardian serpent
  5865 | D:8      | Reached skill level 13 in Axes
  5975 | D:8      | Found a shimmering altar of Xom.
  6337 | D:8      | Identified the +0 robe of the Endless Blessings {Regen+ Int+2 Stlth+} (You found it on level 8 of the Dungeon)
  6696 | D:9      | Reached ***** piety under Trog
  6904 | D:9      | Found a roughly hewn altar of Beogh.
  7057 | D:10     | Entered Level 10 of the Dungeon
  7111 | D:10     | Found a staircase to the Lair.
  7121 | Lair:1   | Entered Level 1 of the Lair of Beasts
  7176 | Lair:1   | Noticed a spiny frog
  7194 | Lair:1   | Killed a spiny frog
  7194 | Lair:1   | Reached skill level 14 in Axes
  7574 | Lair:1   | Noticed a torpor snail
  7575 | Lair:1   | Reached XP level 11. HP: 110/110 MP: 10/10
  7620 | Lair:1   | You fall through a shaft!
  7620 | Lair:2   | Noticed Gastronok
  7639 | Lair:2   | Killed Gastronok
  8009 | Lair:2   | Reached skill level 15 in Fighting
  8137 | Lair:2   | Reached skill level 15 in Axes
  8275 | Lair:2   | Received a gift from Trog
 10123 | Lair:3   | Reached XP level 12. HP: 120/122 MP: 11/11
 10276 | Lair:3   | Reached skill level 16 in Axes
 10360 | Lair:3   | Found a staircase to the Shoals.
 10470 | Lair:3   | Found a hole to the Spider Nest.
 10956 | Lair:3   | Received a gift from Trog
 11070 | Lair:3   | Noticed an eight-headed hydra
 11117 | Lair:3   | Killed a 17-headed hydra
 11398 | Lair:4   | Found a labyrinth entrance.
 11420 | Lab      | Entered a labyrinth
 11544 | Lab      | Noticed a minotaur
 11552 | Lab      | Killed a minotaur
 11552 | Lab      | Reached skill level 17 in Axes
 11556 | Lab      | Identified Cineumog's Reference Book on Noxious Air
 11557 | Lab      | Got a transparent ring mail
 11570 | Lab      | Identified a +0 pair of boots of running (You found it in a labyrinth)
 11581 | Lab      | Identified the +2 ring mail "Gan Ynlo" {MR+ Str+2 SInv} (You found it in a labyrinth)
 12376 | Lair:5   | Found a staircase to the Slime Pits.
 12654 | Lair:5   | Noticed Josephine
 12664 | Lair:5   | Killed Josephine
 12816 | Lair:5   | Reached XP level 13. HP: 134/134 MP: 12/12
 12925 | Lair:6   | Entered Level 6 of the Lair of Beasts
 13293 | Lair:6   | Reached skill level 5 in Armour
 13340 | Lair:6   | Reached skill level 5 in Dodging
 13646 | Lair:6   | Got a heavily runed golden ring
 14129 | Lair:6   | Reached XP level 14. HP: 144/144 MP: 13/13
 14290 | Lair:6   | Identified the ring "Otaureur" {Ice rElec rPois Dex+4 Stlth+} (You found it on level 6 of the Lair of Beasts)
 14637 | Orc:1    | Entered Level 1 of the Orcish Mines
 14791 | Orc:2    | Entered Level 2 of the Orcish Mines
 14835 | Orc:2    | Noticed Rupert
 14853 | Orc:2    | Killed Rupert
 14913 | Orc:2    | Noticed an orc warlord
 14933 | Orc:2    | Noticed Nergalle
 14942 | Orc:2    | Killed Nergalle
 14960 | Orc:2    | Killed an orc warlord
 14988 | Orc:2    | Found a roughly hewn altar of Beogh.
 15058 | Orc:2    | Found Reismam's General Store.
 15069 | Orc:2    | Found Miwel's Antique Armour Shoppe.
 15157 | Orc:2    | Found a staircase to the Elven Halls.
 15190 | Orc:2    | Noticed Sonja
 15211 | Orc:2    | Killed Sonja
 15694 | Orc:2    | Found Ruic's Jewellery Shoppe.
 15709 | Orc:2    | Found Paikhlu's Antique Weapon Shoppe.
 15925 | Orc:1    | Reached skill level 10 in Armour
 15995 | Orc:1    | Received a gift from Trog
 16053 | Orc:1    | Found a bloodstained altar of Trog.
 17872 | D:12     | Found Wanewo's Book Emporium.
 17980 | D:12     | Received a gift from Trog
 18021 | D:12     | Noticed Nessos
 18056 | D:12     | Killed Nessos
 18056 | D:12     | Reached skill level 10 in Dodging
 18408 | D:12     | Noticed Snorg
 18417 | D:12     | Killed Snorg
 18947 | D:13     | Found a flagged portal.
 18973 | D:13     | Reached XP level 15. HP: 155/155 MP: 14/14
 19083 | D:13     | Found a frozen archway.
 19113 | IceCv    | Entered an ice cave
 19120 | IceCv    | Noticed vomix's ghost (journeyman MiBe)
 19141 | IceCv    | Killed vomix's ghost
 19551 | IceCv    | Got a twisted scimitar {freeze}
 20559 | D:13     | Identified the +10 scimitar "Baudegie" {freeze, Str+2} (You took it off a necromancer in an ice cave)
 20608 | D:14     | Found a portal to a secret trove of treasure.
 20823 | D:14     | Reached skill level 1 in Evocations
 20834 | D:14     | Found a gate to the Vaults.
 20985 | D:14     | Noticed Azrael
 21001 | D:14     | Killed Azrael
 21267 | D:15     | Entered Level 15 of the Dungeon
 21466 | D:15     | Reached skill level 18 in Axes
 21660 | D:15     | Found a staircase to the Depths.
 22181 | Spider:1 | Entered Level 1 of the Spider Nest
 22777 | Spider:1 | Reached XP level 16. HP: 167/167 MP: 18/18
 23062 | Spider:2 | Reached skill level 5 in Evocations
 23157 | Spider:2 | Received a gift from Trog
 24925 | Spider:2 | Reached skill level 19 in Axes
 25198 | Spider:3 | Got a smoking brass ring
 25200 | Spider:3 | Identified the ring of Lies {Wiz MR+} (You found it on level 3 of the Spider Nest)
 25776 | Spider:4 | Entered Level 4 of the Spider Nest
 26705 | Spider:4 | Received a gift from Trog
 26811 | Spider:4 | Reached XP level 17. HP: 176/176 MP: 22/22
 27326 | Spider:4 | Got a gossamer rune of Zot
 27725 | Vaults:1 | Entered Level 1 of the Vaults
 27740 | Vaults:1 | Reached skill level 20 in Axes
 28072 | Shoals:1 | Entered Level 1 of the Shoals
 28143 | Shoals:1 | You fall through a shaft!
 28552 | Shoals:1 | Noticed Frances
 28570 | Shoals:1 | Killed Frances
 28865 | Shoals:1 | Noticed equalderp2856's ghost (adept MiFi)
 28879 | Shoals:1 | Killed equalderp2856's ghost
 29294 | Shoals:2 | You fall through a shaft!
 29490 | Shoals:3 | Noticed Polyphemus
 30126 | Shoals:2 | Reached skill level 10 in Evocations
 30167 | Shoals:2 | Reached ****** piety under Trog
 30653 | Shoals:3 | Reached skill level 21 in Axes
 30659 | Shoals:3 | Killed Polyphemus
 30659 | Shoals:3 | Received a gift from Trog
 30957 | Orc:2    | Bought a scroll of acquirement for 780 gold pieces
 30957 | Orc:2    | Bought a scroll of brand weapon for 300 gold pieces
 30971 | Orc:2    | Got a transparent ruby amulet
 30973 | Orc:2    | Identified the amulet "Hotuiceu" {Faith -Tele rElec Dex+5} (You acquired it on level 2 of the Orcish Mines)
 31270 | Shoals:3 | Reached XP level 18. HP: 175/187 MP: 24/24
 31656 | Shoals:4 | Entered Level 4 of the Shoals
 31908 | Shoals:4 | Received a gift from Trog
 32054 | Shoals:4 | Reached skill level 22 in Axes
 32110 | Shoals:4 | Got a barnacled rune of Zot
 32667 | Shoals:4 | Noticed Ilsuiw
 32761 | Shoals:4 | Killed Ilsuiw
 33472 | Elf:1    | Entered Level 1 of the Elven Halls
 33482 | Elf:1    | Reached skill level 23 in Axes
 33845 | Elf:1    | Found Zudach's Distillery.
 33885 | Elf:1    | Bought a potion of invisibility for 128 gold pieces
 33906 | Elf:1    | Cast into level 3 of the Abyss (a deep elf sorcerer)
 33956 | Abyss:3  | Found a corrupted altar of Lugonu.
 33995 | Elf:1    | Escaped the Abyss
 34396 | Elf:2    | Found a runed gate.
 34396 | Elf:2    | Found a runed gate.
 34396 | Elf:2    | Found a runed gate.
 34476 | Elf:2    | Reached skill level 24 in Axes
 34506 | Elf:2    | Found a radiant altar of Vehumet.
 34579 | Elf:2    | Found Caovui's Antique Armour Emporium.
 34583 | Elf:2    | Bought a twisted shield for 199 gold pieces
 34583 | Elf:2    | Identified the +5 shield "Qauj" {rElec Dex+7} (You bought it in a shop on level 2 of the Elven Halls)
 34637 | Elf:2    | Reached XP level 19. HP: 193/193 MP: 25/25
 34854 | Elf:2    | Cast into level 2 of the Abyss (bardiche of distortion)
 35105 | Abyss:2  | Found a corrupted altar of Lugonu.
 35186 | Abyss:2  | Found a corrupted altar of Lugonu.
 35263 | Abyss:2  | Lost intelligence.
 35281 | Abyss:2  | Noticed an ancient lich
 35302 | Abyss:2  | HP: 8/193 [shadow demon[an ancient lich] (14)]
 35303 | Abyss:2  | HP: 2/193 [reaper/scythe of freezing[an ancient lich] (9)]
 35303 | Abyss:2  | Slain by a reaper

Skill      XL: |  1  2  3  4  5  6  7  8  9 10 11 12 13 14 15 16 17 18 |
---------------+-------------------------------------------------------+-----
Fighting       | 4 5 6 7 8 10 12 14 15 17 18 19 21 22 | 22.8
Axes           | 4 5 6 7 8 10 12 14 15 17 18 19 21 24 | 24.5
Armour         | 8 11 12 | 12.0
Dodging        | 7 10 11 | 11.0
Evocations     | 4 8 10 | 10.0

Action                   |  1- 3 |  4- 6 |  7- 9 | 10-12 | 13-15 | 16-18 | 19-21 || total
-------------------------+-------+-------+-------+-------+-------+-------+-------++-------
Melee: Hand axe          |    65 |   132 |    49 |       |       |       |       ||   246
       Headbutt          |    10 |    21 |    47 |   131 |   358 |   586 |    41 ||  1194
       War axe           |       |       |   226 |   705 |  1462 |  2123 |   113 ||  4629
       Battleaxe         |       |       |       |       |       |    21 |       ||    21
Invok: Berserk           |     1 |     2 |     9 |    13 |    29 |    15 |     2 ||    71
       Trog's Hand       |       |     1 |     5 |    10 |    31 |    29 |     5 ||    81
       Burn Spellbooks   |       |       |     2 |     2 |     3 |     2 |       ||     9
       Brothers in Arms  |       |       |       |     3 |     8 |    13 |     2 ||    26
Evoke: Wand              |       |       |       |     5 |     9 |    34 |       ||    48
  Use: Scroll            |       |       |     9 |    10 |    12 |    18 |     5 ||    54
       Potion            |       |       |       |       |     1 |     6 |     7 ||    14
 Stab: Sleeping          |     1 |       |       |       |       |       |       ||     1
       Distracted        |       |       |       |       |     1 |     2 |       ||     3
       Paralysed         |       |       |       |       |     3 |    19 |       ||    22
       Held in net/web   |       |       |       |       |     1 |       |       ||     1
       Petrified         |       |       |       |       |       |     2 |       ||     2
  Eat: Chunk             |       |     7 |    11 |    20 |    97 |    28 |     3 ||   166
       Meat ration       |       |       |     2 |     2 |       |     6 |     1 ||    11
       Royal jelly       |       |       |       |     4 |     3 |     4 |     1 ||    12
       Bread ration      |       |       |       |     1 |       |     3 |     1 ||     5
       Fruit             |       |       |       |     2 |       |     1 |       ||     3
Armor: Animal skin       |    11 |     4 |       |       |       |       |       ||    15
       Chain mail        |       |    57 |   134 |   351 |   636 |  1042 |    48 ||  2268
       Plate armour      |       |       |    21 |       |       |       |       ||    21
Dodge: Dodged            |    40 |    61 |    84 |   244 |   947 |  1630 |    65 ||  3071
Block: Buckler           |       |       |    40 |   160 |   378 |   999 |       ||  1577
       Reflection        |       |       |       |       |       |    35 |       ||    35
       Other             |       |       |       |       |       |     4 |       ||     4
       Shield            |       |       |       |       |       |     3 |    75 ||    78
